 Dungeon Crawl Stone Soup version 0.28-a0-677-g3278d6a771 (webtiles) character file.

Game seed: 18045269376316238109

4400 GordonOverkill the Cleaver (level 10, -1/100 HPs)
             Began as a Djinni Berserker on Oct 18, 2021.
             Was an Elder of Trog.
             Slain by a skeletal warrior (20 damage)
             ... on level 8 of the Dungeon.
             The game lasted 00:14:52 (9161 turns).

GordonOverkill the Cleaver (Djinni Berserker)       Turns: 9161, Time: 00:14:52

Health: -1/100     AC: 25    Str: 19    XL:     10   Next: 61%
Gold:   237        EV:  2    Int: 10    God:    Trog [****..] SH:  5 Dex: 12

rFire   . . .      SeeInvis .   w - +0 war axe (flame)
rCold   . . .      Faith    .   B - +0 buckler
rNeg    + . .      Spirit   .   (armour currently unavailable)
rPois   ∞          Reflect  .   (helmet currently unavailable)
rElec   .          Harm     .   (cloak currently unavailable)
rCorr   .          Rampage  .   (gloves currently unavailable)
Will    +....      NoTele   +   (boots unavailable)
Stlth   +.........              (no amulet)
HPRegen 0.26/turn               o - ring of positive energy
MPRegen 0.00/turn               (no ring)

@: mighty, tree-form, on berserk cooldown, very slightly contaminated, hasted,
invisible, very quick
A: stationary, stasis, torment immunity, boosted hp, sickness immunity, (fire
resistance 2), (cold vulnerability 1), float, innate caster, hp casting, extra
vitality 1
a: Renounce Religion, Berserk, Trog's Hand, Brothers in Arms


You were on level 8 of the Dungeon.
You worshipped Trog.
Trog was greatly pleased with you.
You were a tree.
You visited 1 branch of the dungeon, and saw 8 of its levels.

You collected 287 gold pieces.
You spent 50 gold pieces at shops.

Inventory:

Hand Weapons
 w - a +0 war axe of flaming (weapon)
 A - a +2 whip of electrocution
Missiles
 b - 47 poisoned darts
 p - 4 javelins (quivered)
 H - 2 throwing nets
Armour
 k - a +0 helmet (melded)
 n - a +0 pair of gloves (melded)
 B - a +0 buckler (worn)
 E - the +4 robe of Augmentation (melded) {Str+4 Int+4 Dex+4}
   (You found it on level 7 of the Dungeon)

   Str:       It affects your strength (+4).
   Int:       It affects your intelligence (+4).
   Dex:       It affects your dexterity (+4).
 F - +0 acid dragon scales
Jewellery
 c - a ring of fire
 o - a ring of positive energy (left branch)
 D - a ring of ice
Wands
 d - a wand of flame (48)
 l - a wand of mindburst (8)
 I - a wand of polymorph (11)
Scrolls
 a - a scroll of amnesia {unknown}
 f - a scroll of magic mapping
 g - a scroll of acquirement {unknown}
 m - 6 scrolls of fog
 q - a scroll of brand weapon {unknown}
 t - a scroll of vulnerability {unknown}
 u - a scroll of immolation {unknown}
 v - a scroll of summoning {unknown}
 y - a scroll of holy word
 G - a scroll of fear {unknown}
 J - a scroll of enchant armour {unknown}
 K - a scroll of identify
Potions
 h - 2 potions of might
 i - 3 potions of curing
 j - a potion of cancellation
 z - a potion of magic {unknown}
 C - a potion of attraction {unknown}


   Skills:
 - Level 3.0 Fighting
 + Level 11.7 Axes
 - Level 2.0 Armour
 - Level 2.1 Dodging
 - Level 4.0 Shields
 + Level 3.6 Evocations


You couldn't memorise any spells.
You knew the following spells:

 Your Spells              Type           Power      Damage    Failure   Level
a - Sandblast             Erth           0%         2d4       36%         1
b - Poisonous Vapours     Pois/Air       0%         N/A       50%         2
c - Dazzling Flash        Conj/Hex       0%         N/A       75%         3
d - Mephitic Cloud        Conj/Pois/Air  0%         N/A       75%         3
Your spell library was empty.

Dungeon Overview and Level Annotations

Branches:
Dungeon (8/15)             Temple (0/1) D:7
   Lair: D:8-11

Altars:

Shops:
D:3 *   D:7 (


Innate Abilities, Weirdness & Mutations

You are a tree.
Your roots penetrate the ground, keeping you stationary.
You cannot be teleported.
You are immune to unholy pain and torment.
Your maximum health is greatly increased.
Your equipment is partially melded.
You are immune to sickness and miasma.
You are immune to poison.
((Your flesh is very heat resistant. (rF++)))
((You are vulnerable to cold. (rC-)))
You float through the air rather than walking.
You learn spells naturally, not from books.
Your magical power is your life essence.
You have superior vitality. (+4 HP)


Message History

* * * LOW HITPOINT WARNING * * *
You feel much better.
The skeletal warrior hits you with a +0 scimitar!
* * * LOW HITPOINT WARNING * * *
You block the skeletal warrior's attack.
Okay, then.
Okay, then.
It was a potion of lignification.
You turn into a tree.
Your +0 helmet melds into your body.
Your +0 pair of gloves melds into your body.
The +4 robe of Augmentation {Str+4 Int+4 Dex+4} melds into your body.
Your roots penetrate the ground.
The skeletal warrior hits you with a +0 scimitar!!
* * * LOW HITPOINT WARNING * * *
You feel much better.
You block the skeletal warrior's attack.
The skeletal warrior hits you but does no damage.
It was a potion of haste.
You feel yourself speed up.
The skeletal warrior hits you with a +0 scimitar!
* * * LOW HITPOINT WARNING * * *
Unknown command.
You feel very mighty all of a sudden.
The skeletal warrior hits you with a +0 scimitar!
* * * LOW HITPOINT WARNING * * *
You slash the skeletal warrior! You burn the skeletal warrior.
The skeletal warrior is moderately damaged.
You cannot move.
You cannot move.
You cannot move.
Unknown command.
You feel yourself speed up.
You barely miss the skeletal warrior.
The skeletal warrior is moderately damaged.
You block the skeletal warrior's attack.
You hit the skeletal warrior. You burn the skeletal warrior.
The skeletal warrior is moderately damaged.
You barely miss the skeletal warrior.
The skeletal warrior is moderately damaged.
The skeletal warrior hits you with a +0 scimitar!!
You die...

............#
#######...........#
#P...P#...........#
#.#'#.#...........# ##
#.#(#.#.......)...# ##.
#)###.#.......:...# #
...#....P#....########
..#
#.###)###....'....#..
..#...♣........#....#..
#[##z###.#....#..###..
#...##.#.....##'###).
#####..####.+###...#...
#..).#.# #........#...
##.##..#.##........#...
##................#...
#.#######.########+##
##
#.#.....#..####.....#


You could see a skeletal warrior.

Vanquished Creatures
  A centaur warrior (D:8)
  Pikel (D:6)
  Maggie (D:6)
  A troll (D:6)
  Grinder (D:3)
  A wraith (D:8)
  A wyvern (D:8)
  A steam dragon (D:8)
  An acid dragon (D:8)
  2 water moccasins
  3 orc warriors
  A sky beast (D:5)
  2 ogres (D:5)
  2 necrophages (D:8)
  2 centaurs
  3 bullfrogs
  A water moccasin zombie (D:6)
  3 scorpions
  A wyvern skeleton (D:4)
  A bullfrog zombie (D:6)
  A hound (D:5)
  An orc priest (D:7)
  A centaur skeleton (D:7)
  3 jellies
  Jessica (D:3)
  An iguana (D:4)
  5 orc wizards
  A howler monkey zombie (D:6)
  Robin (D:3)
  4 adders
  3 gnolls
  A howler monkey skeleton (D:4)
  2 white imps
  An ufetubus (D:6)
  2 adder skeletons
  2 dart slugs
  16 orcs
  5 ball pythons
  4 endoplasms
  6 giant cockroaches
  20 goblins
  5 hobgoblins
  4 quokkas
  7 bats
  2 frilled lizards
  7 kobolds
  4 rats
140 creatures vanquished.

Vanquished Creatures (others)
  5 plants (D:8)
5 creatures vanquished.

Grand Total: 145 creatures vanquished

Notes
Turn   | Place    | Note
-------+----------+-------------------------------------------
     0 | D:1      | GordonOverkill the Djinni Berserker began the quest for the
                  | Orb.
     0 | D:1      | Reached XP level 1. HP: 20/20 MP: 0/0
   487 | D:1      | Reached XP level 2. HP: 25/25 MP: 0/0
   554 | D:1      | Reached skill level 3 in Axes
  1292 | D:1      | Reached XP level 3. HP: 30/30 MP: 0/0
  1292 | D:1      | Learned a level 1 spell: Sandblast
  2268 | D:2      | Reached ** piety under Trog
  2274 | D:2      | Reached XP level 4. HP: 35/35 MP: 0/0
  2754 | D:3      | Found Wisin Nesos's Assorted Antiques.
  2807 | D:3      | Bought a scroll labelled NISUAM UCKU for 25 gold pieces
  2807 | D:3      | Bought a scroll labelled NEJINI ULIBB for 25 gold pieces
  2969 | D:3      | Reached skill level 4 in Axes
  3079 | D:3      | Noticed Robin
  3370 | D:3      | Killed Robin
  3374 | D:3      | Reached XP level 5. HP: 40/40 MP: 0/0
  3374 | D:3      | Learned a level 2 spell: Poisonous Vapours
  3587 | D:3      | Noticed Grinder
  3597 | D:3      | Killed Grinder
  3598 | D:3      | Reached skill level 5 in Axes
  3598 | D:3      | Reached XP level 6. HP: 46/46 MP: 0/0
  3903 | D:3      | Found a faded altar of an unknown god.
  3945 | D:3      | Noticed Jessica
  3956 | D:3      | Killed Jessica
  4251 | D:4      | Reached skill level 6 in Axes
  4253 | D:4      | Reached XP level 7. HP: 24/50 MP: 0/0
  4253 | D:4      | Learned a level 3 spell: Dazzling Flash
  4720 | D:4      | Reached *** piety under Trog
  5380 | D:4      | You are sucked into a shaft and drop 1 floor!
  5380 | D:5      | Entered Level 5 of the Dungeon
  5390 | D:5      | Reached skill level 7 in Axes
  5589 | D:5      | Reached XP level 8. HP: 56/56 MP: 0/0
  6092 | D:5      | Reached skill level 8 in Axes
  6708 | D:6      | Noticed Maggie
  6732 | D:6      | Killed Maggie
  6733 | D:6      | Reached skill level 9 in Axes
  6735 | D:6      | Reached XP level 9. HP: 60/60 MP: 0/0
  6735 | D:6      | Learned a level 3 spell: Mephitic Cloud
  6915 | D:6      | Noticed a troll
  6932 | D:6      | Killed a troll
  7064 | D:6      | Reached skill level 10 in Axes
  7261 | D:6      | Noticed Pikel
  7276 | D:6      | Killed Pikel
  7726 | D:7      | Found Yxufiog's Weapon Emporium.
  7806 | D:7      | Found a staircase to the Ecumenical Temple.
  7816 | D:7      | Reached skill level 1 in Shields
  8002 | D:7      | Reached skill level 11 in Axes
  8002 | D:7      | Reached XP level 10. HP: 67/67 MP: 0/0
  8099 | D:7      | Found the +4 robe of Augmentation {Str+4 Int+4 Dex+4}
  8978 | D:8      | Reached skill level 1 in Evocations
  9021 | D:8      | Reached **** piety under Trog
  9024 | D:8      | Noticed a centaur warrior
  9033 | D:8      | Killed a centaur warrior
  9123 | D:8      | Noticed a skeletal warrior
  9161 | D:8      | Slain by a skeletal warrior

Illustrated notes

Levels and vault maps discovered:
D:1:      eino_arrival_cavern_a, layout_basic
D:2:      minmay_roachtagon, layout_basic
D:3:      layout_rooms, serial_shops, nicolae_shop_statue_plus,
          chequers_ecumenical_altar_island, uniq_robin, uniq_grinder,
          uniq_jessica
D:4:      layout_cave_pods
D:5:      layout_basic
D:6:      layout_basic, st_stairs_3, uniq_pikel, uniq_maggie
D:7:      cheibrodos_quashed, layout_basic, minmay_temple_entry_mini_moons,
          serial_shops, shop, minmay_misc_feat_plants
D:8:      layout_gridville, kennysheep_another_room, minmay_shattered_shrine

Skill      XL: |  1  2  3  4  5  6  7  8  9 10 |
---------------+-------------------------------+-----
Axes           | 3 4 5 6 7 9 11 | 11.7
Shields        | 2 4 |  4.0
Evocations     | 3 |  3.6
Fighting       | |  3.0
Armour         | |  2.0
Dodging        | |  2.1

Action                   |  1- 3 |  4- 6 |  7- 9 | 10-12 || total
-------------------------+-------+-------+-------+-------++-------
Melee: Hand axe          |    64 |   105 |   100 |       ||   269
       War axe           |       |       |    62 |    62 ||   124
Throw: Dart              |       |     1 |       |       ||     1
Invok: Berserk           |    17 |    11 |    23 |     7 ||    58
       Trog's Hand       |       |     2 |     1 |       ||     3
  Use: Scroll            |       |     6 |     3 |       ||     9
       Potion            |       |     3 |     1 |     8 ||    12
Armor: Ring mail         |    31 |    56 |    24 |       ||   111
       Steam dragon scal |       |       |    14 |       ||    14
       Robe              |       |       |       |    19 ||    19
       Skin              |       |       |       |     1 ||     1
Dodge: Dodged            |    32 |   101 |    77 |    23 ||   233
Block: Buckler           |       |       |     1 |    18 ||    19

Table legend: (Time is in decaauts)
 A = Elapsed time spent in this place.
 B = Non-inter-level travel time spent in this place.
 C = Inter-level travel time spent in this place.
 D = Time resting spent in this place.
 E = Time spent auto-exploring this place.
 F = Levels seen in this place.
 G = Mean time per level.
                   A        B        C        D        E       F      G
               +--------+--------+--------+--------+--------+-----+--------+
         Total |   9696 |   9157 |    539 |   3730 |   3940 |   8 | 1212.0 |
       Dungeon |   9696 |   9157 |    539 |   3730 |   3940 |   8 | 1212.0 |
               +--------+--------+--------+--------+--------+-----+--------+

Top non-repeatable levels by time:
     D:1: 2134 daAuts
     D:2: 1305 daAuts
     D:3: 1300 daAuts
     D:6: 1283 daAuts
     D:4: 1067 daAuts
     D:8: 1056 daAuts
     D:5: 927 daAuts
     D:7: 621 daAuts
